 Dungeon Crawl Stone Soup version 0.21.0-37-g46506fa (webtiles) character file.

30 tidbits the Insei (level 3, -6/28 HPs)
             Began as a Gnoll Transmuter on Feb 1, 2018.
             Mangled by Natasha (9 damage)
             ... on level 3 of the Dungeon.
             The game lasted 00:02:34 (229 turns).

tidbits the Insei (Gnoll Transmuter)                 Turns: 229, Time: 00:02:34

Health: -6/28      AC:  2    Str: 12    XL:     3   Next: 18%
Magic:  9/9        EV: 14    Int: 16    God:
Gold:   17         SH:  0    Dex: 15    Spells: 9/12 levels left

rFire    . . .     SeeInvis .   g - +1 short sword (protect)
rCold    . . .     Gourm    .   (no shield)
rNeg     . . .     Faith    .   b - +0 robe
rPois    .         Spirit   .   (no helmet)
rElec    .         Reflect  .   (no cloak)
rCorr    .         Harm     .   (no gloves)
MR       .....                  (no boots)
Stlth    ++........             (no amulet)
HPRegen  0.09/turn              (no ring)
MPRegen  0.11/turn              (no ring)

@: about to teleport, slowed, very slow
A: distributed training, fangs 1, strong nose
a: no special abilities


You were on level 3 of the Dungeon.
You were not hungry.

You visited 1 branch of the dungeon, and saw 3 of its levels.

You collected 17 gold pieces.

Inventory:

Hand Weapons
 f - a cursed -3 dagger
 g - a +1 short sword of protection (weapon)
   (You took it off a kobold on level 2 of the Dungeon)
 k - a +0 dagger
Missiles
 a - 10 arrows
 h - 9 stones (quivered)
Armour
 b - a +0 robe (worn)
Potions
 e - a potion of lignification {unknown}
Books
 c - a book of Changes

   Spells                             Type                      Level
   a - Beastly Appendage              Transmutation                1
   b - Sticks to Snakes               Transmutation                2
   c - Spider Form                    Transmutation/Poison         3
   d - Ice Form                       Ice/Transmutation            4
   e - Blade Hands                    Transmutation                5
Comestibles
 d - 2 rations


   Skills:
 + Level 2.5 Fighting
 + Level 0.6 Short Blades
 + Level 0.6 Long Blades
 + Level 0.6 Axes
 + Level 0.6 Maces & Flails
 + Level 0.6 Polearms
 + Level 0.6 Staves
 + Level 0.6 Slings
 + Level 0.6 Bows
 + Level 0.6 Crossbows
 + Level 0.6 Throwing
 + Level 0.6 Armour
 + Level 4.5 Dodging
 + Level 0.6 Stealth
 + Level 0.6 Shields
 + Level 6.5 Unarmed Combat
 + Level 5.0 Spellcasting
 + Level 0.4 Conjurations
 + Level 0.4 Hexes
 + Level 0.4 Charms
 + Level 0.4 Summonings
 + Level 0.4 Necromancy
 + Level 0.4 Translocations
 + Level 3.7 Transmutations
 + Level 0.4 Fire Magic
 + Level 0.4 Ice Magic
 + Level 0.4 Air Magic
 + Level 0.4 Earth Magic
 + Level 0.4 Poison Magic
 + Level 0.8 Invocations
 + Level 0.6 Evocations


You had 9 spell levels left.
You knew the following spells:

 Your Spells              Type           Power        Failure   Level  Hunger
e - Beastly Appendage     Tmut           ###...       3%          1    None
k - Sticks to Snakes      Tmut           ###.....     4%          2    #......


Dungeon Overview and Level Annotations

Branches:
Dungeon (3/15)

Altars:

Annotations:
D:3 Natasha, Sigmund


Innate Abilities, Weirdness & Mutations

Your experience applies equally to all skills.
You have very sharp teeth.
Your uncanny sense of smell can sniff out nearby items.


Message History

You see here a stone.
Found a hunting sling.
You hit the kobold but do no damage.
Your weapon exudes an aura of protection.
The kobold hits you but does no damage.
You hit the kobold.
The kobold is severely wounded.
The kobold closely misses you.
Casting: Beastly Appendage
Confirm with . or Enter, or press ? or * to list all spells.
You don't know that spell.
You barely miss the kobold. Your kick misses the kobold.
The kobold is severely wounded.
The kobold closely misses you.
You hit the kobold.
You kill the kobold!
Your Spellcasting skill increases to level 5!
Found a ration.
Things that are here:
3 stones; a kobold corpse
h - 7 stones (gained 3)
Your talons disappear.
You see here a stone.
h - 8 stones (gained 1)
You see here a stone.
h - 9 stones (gained 1)
There is a stone staircase leading up here.
You see here a scroll labeled ISHUKHAAZO.
l - a scroll labeled ISHUKHAAZO
There is a stone staircase leading up here.
There is a stone staircase leading up here.
You climb upwards.
A worm comes into view.
The worm barely misses you.
Found a trident.
There is a stone staircase leading down here.
Casting: Beastly Appendage
Confirm with . or Enter, or press ? or * to list all spells.
You grow a pair of large bovine horns.
You hit the worm.
Your weapon exudes an aura of protection.
The worm is lightly wounded.
The worm bites you!
You hit the worm. You headbutt the worm.
The worm is lightly wounded.
The worm bites you but does no damage.
You hit the worm.
The worm is moderately wounded.
You barely miss the worm.
The worm is moderately wounded.
The worm misses you.
You hit the worm.
The worm is heavily wounded.
You hit the worm. You bite the worm, but do no damage.
The worm is heavily wounded.
The worm bites you.
You hit the worm.
The worm is severely wounded.
The worm barely misses you.
You hit the worm. You headbutt the worm.
The worm is almost dead.
You barely miss the worm. You bite the worm, but do no damage.
The worm is almost dead.
The worm completely misses you.
You puncture the worm!
You kill the worm!
You climb downwards.
There is a stone staircase leading up here.
Unknown command.
Unknown command.
Your transformation is almost over.
Natasha, Servant of Life and Death comes into view.
Natasha hisses angrily.
Natasha casts a spell at you.
You feel yourself slow down.
Sigmund the Dreaded comes into view.
He is wielding a scythe.
Okay, then.
As you read the scroll labeled KAOPRA RORISUA, it crumbles to dust.
It is a scroll of identify.
j - a scroll of teleportation Sigmund casts a spell.
Sigmund flickers and vanishes!
Unknown command.
As you read the scroll labeled ISHUKHAAZO, it crumbles to dust.
The scroll dissolves into smoke.
It was a scroll of fog.
As you read the scroll of teleportation, it crumbles to dust.
You feel strangely unstable.
You hear some strange, mumbled words.
Something tries to affect you, but you resist.
Natasha claws you.
* * * LOW HITPOINT WARNING * * *
Unknown command.
You barely miss Natasha. You headbutt Natasha.
Natasha is moderately wounded.
Your horns disappear.
A magic dart appears from out of thin air!
The magic dart hits you!
* * * LOW HITPOINT WARNING * * *
Natasha claws you!
You die...

≈##.......>........#
≈≈.............<....#
P≈..%...............#
≈P.............)....#
....................#
............<.......#
...................##
.....§§§h§........##
......§@#§..#######
.#....§§#.###
##.#####.# # #.# ∆
#.. ...∆ .h


You could see Natasha.

Vanquished Creatures
  An adder (D:2)
  An ooze (D:2)
  A worm (D:2)
  A leopard gecko (D:2)
  3 hobgoblins
  A frilled lizard (D:2)
  3 goblins
  2 kobolds
13 creatures vanquished.

Vanquished Creatures (collateral kills)
  A kobold (D:2)
1 creature vanquished.

Grand Total: 14 creatures vanquished

Notes
Turn   | Place    | Note
-------+----------+-------------------------------------------
     0 | D:1      | tidbits the Gnoll Transmuter began the quest for the Orb.
     0 | D:1      | Reached XP level 1. HP: 17/17 MP: 6/6
    90 | D:2      | Reached XP level 2. HP: 20/23 MP: 5/7
    94 | D:2      | Learned a level 2 spell: Sticks to Snakes
   107 | D:2      | Reached XP level 3. HP: 24/28 MP: 1/9
   188 | D:3      | Reached skill level 5 in Spellcasting
   224 | D:3      | Noticed Natasha
   225 | D:3      | Noticed Sigmund
   229 | D:3      | Mangled by Natasha

Skill      XL: |  1  2  3 |
---------------+----------+-----
Spellcasting   | 5 |  5.0
Fighting       | |  2.5
Short Blades   | |  0.6
Long Blades    | |  0.6
Axes           | |  0.6
Maces & Flails | |  0.6
Polearms       | |  0.6
Staves         | |  0.6
Slings         | |  0.6
Bows           | |  0.6
Crossbows      | |  0.6
Throwing       | |  0.6
Armour         | |  0.6
Dodging        | |  4.5
Stealth        | |  0.6
Shields        | |  0.6
Unarmed Combat | |  6.5
Conjurations   | |  0.4
Hexes          | |  0.4
Charms         | |  0.4
Summonings     | |  0.4
Necromancy     | |  0.4
Translocations | |  0.4
Transmutations | |  3.7
Fire Magic     | |  0.4
Ice Magic      | |  0.4
Air Magic      | |  0.4
Earth Magic    | |  0.4
Poison Magic   | |  0.4
Invocations    | |  0.8
Evocations     | |  0.6

Action                   || total
-------------------------++-------
Melee: Unarmed           ||    20
       Kick              ||     4
       Bite              ||     3
       Short sword       ||    15
       Headbutt          ||     3
 Cast: Beastly Appendage ||     8
       Sticks to Snakes  ||     2
  Use: Scroll            ||     3
 Stab: Sleeping          ||     1
Armor: Robe              ||     3
Dodge: Dodged            ||    21

Table legend:
 A = Turns spent in this place as a percentage of turns spent in the entire game.
 B = Non-inter-level travel turns spent in this place as a percentage of non-inter-level travel turns spent in the entire game.
 C = Inter-level travel turns spent in this place as a percentage of turns spent in this place.
 D = Turns resting spent in this place as a percentage of non-inter-level travel turns spent in this place.
 E = Turns spent auto-exploring this place as a percentage of non-inter-level travel turns spent in this place.
 F = Non-inter-level travel turns spent in this place divided by the number of levels of this place that you've seen.
                   A       B       C       D       E      F
               +-------+-------+-------+-------+-------+----------------------
         Total | 100.0 | 100.0 |   0.0 |   0.0 |   0.0 |  76.3
       Dungeon | 100.0 | 100.0 |   0.0 |   0.0 |   0.0 |  76.3
               +-------+-------+-------+-------+-------+----------------------

Table legend:
 A = Kills in this place as a percentage of kills in entire the game.
 B = Kills by you in this place as a percentage of kills by you in the entire game.
 C = Kills by friends in this place as a percentage of kills by friends in the entire game.
 D = Other kills in this place as a percentage of other kills in the entire game.
 E = Experience gained in this place as a percentage of experience gained in the entire game.
 F = Experience gained in this place divided by the number of levels of this place that you have seen.
                   A       B       C       D       E      F
               +-------+-------+-------+-------+-------+----------------------
         Total | 100.0 | 100.0 | 100.0 |   N/A | 100.0 |  14.3
       Dungeon | 100.0 | 100.0 | 100.0 |   N/A | 100.0 |  14.3
               +-------+-------+-------+-------+-------+----------------------

Vault maps used:
D:1:      nicolae_arrival_memento_mori
D:2:      nicolae_tso_carved_into_rock
D:3:      serial_bayou, serial_bayou_lagoon_a, serial_bayou_pond_d,
          serial_bayou_shore_a, serial_bayou_shore_b, grunt_dithmenos_smoke,
          uniq_natasha, uniq_sigmund
